 Dungeon Crawl Stone Soup version 0.30.1-1-g62c8e00024 (webtiles) character file.

Game seed: 17651475082068216693

310 shmup the Firebug (level 6, -3/32 HPs)
             Began as a Tengu Fire Elementalist on July 17, 2023.
             Was an Initiate of Cheibriados.
             Killed from afar by Sigmund (9 damage)
             ... with a puff of flame
             ... on level 5 of the Dungeon.
             The game lasted 00:07:50 (4402 turns).

shmup the Firebug (Tengu Fire Elementalist)         Turns: 4402, Time: 00:07:50

Health: -3/32      AC:  3    Str: 10    XL:     6   Next: 41%
Magic:  10/10      EV: 19    Int: 18    God:    Cheibriados [......]
Gold:   258        SH:  0    Dex: 15    Spells: 8/9 levels left

rFire   . . .        a - +2 dagger (drain)
rCold   . . .        (no shield)
rNeg    + . .        j - +1 robe
rPois   .            (helmet restricted)
rElec   .            (no cloak)
rCorr   .            (no gloves)
SInv    .            (boots unavailable)
Will    .....        (no amulet)
Stlth   ++           y - ring of positive energy
HPRegen 0.25/turn    F - +5 ring of evasion
MPRegen 0.12/turn

%: no passive effects
@: flying quickly and evasively, slow
A: beak, talons 3, nimble flight
a: Renounce Religion


You were on level 5 of the Dungeon.
You worshipped Cheibriados.
Cheibriados was noncommittal.
You visited 1 branch of the dungeon, and saw 5 of its levels.

You collected 258 gold pieces.

Inventory:

Hand Weapons
 a - a +2 dagger of draining (weapon)
 h - a +0 short sword
 t - a +0 dagger of speed
 D - a +0 double sword
Missiles
 k - 10 javelins (quivered)
 m - 15 stones
 s - 8 poisoned darts
 u - a boomerang
Armour
 j - a +1 robe (worn)
 l - the +0 robe "Tekiucawn" {Rampage rElec Str+3 Int-4}
   (You found it on level 2 of the Dungeon)

   Str:       It affects your strength (+3).
   Int:       It affects your intelligence (-4).
   rElec:     It insulates you from electricity.
   Rampage:   It bestows one free step when moving towards enemies.
   Cheibriados disapproves of the use of such an item.
Jewellery
 y - a ring of positive energy (left hand)
 F - a +5 ring of evasion (right hand)
Scrolls
 e - 2 scrolls of enchant armour
 g - a scroll of brand weapon {unknown}
 n - a scroll of vulnerability {unknown}
 p - 2 scrolls of blinking {unknown}
 q - a scroll of immolation {unknown}
 r - a scroll of acquirement {unknown}
 v - a scroll of fear {unknown}
 x - a scroll of summoning {unknown}
 B - a scroll of poison {unknown}
 C - a scroll of teleportation {unknown}
Potions
 b - 2 potions of magic
 d - 4 potions of lignification
 f - a potion of degeneration
 i - a potion of mutation
 o - 3 potions of brilliance
 w - a potion of haste
 z - a potion of flight
 A - 2 potions of ambrosia
 E - a potion of cancellation {unknown}


   Skills:
 - Level 2.1 Dodging
 - Level 2.0 Stealth
 - Level 2.0 Spellcasting
 + Level 4.7 Conjurations
 * Level 6.6 Fire Magic


You had 8 spell levels left.
You knew the following spells:

 Your Spells              Type           Power      Damage    Failure   Level
a - Foxfire               Conj/Fire      88%        2x1d8     1%          1

Your spell library contained the following spells:

 Spells                   Type           Power      Damage    Failure   Level
 Scorch                   Fire           50%        2d7       1%          2
 Inner Flame              Hex/Fire       13%        N/A       14%         3
 Volatile Blastmotes      Fire/Tloc      26%        2d12      14%         3
 Flame Wave               Conj/Fire      22%        2d8       17%         4
 Lesser Beckoning         Tloc           2%         N/A       26%         2
 Passwall                 Tmut/Erth      0%         N/A       26%         2
 Gell's Gravitas          Tloc           1%         N/A       47%         3
 Teleport Other           Tloc           1%         N/A       47%         3
 Dispersal                Tloc           0%         N/A       100%        6
 Iron Shot                Conj/Erth      5%         9d2       100%        6
 Lehudib's Crystal Spear  Conj/Erth      5%         10d3      100%        8


Dungeon Overview and Level Annotations

Branches:
Dungeon (5/15)
 Temple: D:4-7

Altars:
Cheibriados
Makhleb
Okawaru
Ru

Annotations:
D:5 Sigmund


Innate Abilities, Weirdness & Mutations

You have a beak for a mouth.
You have claws for feet.
Your magical nature lets you fly swiftly and evasively.


Message History

You start resting.
Your foxfire dissipates!
Magic restored.
Items here: % ) [.
Items here: % )) [.
p - 2 scrolls labelled QES FEAMMA (gained 1)
Found 4 large rocks.
You now have 258 gold pieces (gained 14).
Sigmund the Dreaded comes into view.
He is wielding a +0 scythe.
Sigmund shouts!
Sigmund mumbles some strange words.
Sigmund flickers and vanishes!
Deactivating autopickup; reactivate with Ctrl-A.
Casting: Foxfire (safe; 1% risk of failure)
Confirm with . or Enter, or press ? or * to list all spells.
You don't know that spell.
Something hits you but does no damage. Something barely misses you.
You hear some strange, mumbled words.
You are confused.
Found 8 gold pieces.
A puff of flame appears from out of thin air!
The puff of flame misses you.
A magic dart appears from out of thin air!
The magic dart hits you!
You bump into the rock wall.
You bump into the rock wall.
You bump into the rock wall.
You feel less confused. Something hits you!
* * * LOW HITPOINT WARNING * * *
Unknown command.
A puff of flame appears from out of thin air!
The puff of flame misses you.
A magic dart appears from out of thin air!
The magic dart hits you!
* * * LOW HITPOINT WARNING * * *
A puff of flame appears from out of thin air!
The puff of flame hits you!
You die...

▒▒▒.▒▒▒▒....{......▒
▒>..........)......▒
▒.▒.▒▒▒▒.▒▒▒).......
▒▒.▒.▒ ▒.▒ ▒.......▒
▒....▒ ▒.▒ ▒.......▒
▒<.▒▒▒ ▒{▒ ▒.......▒
▒..▒ ▒.▒ ▒▒▒▒▒▒▒.▒
▒..▒▒▒▒▒▒.▒ ▒.▒
▒...Q...{$▒ ▒(▒
▒.▒▒▒▒▒▒▒.▒ ▒.▒ ▒.▒
▒... ▒.▒ ▒▒.▒.▒ ▒.▒
▒▒ .. ▒▒


There were no monsters in sight!

Vanquished Creatures
  An orc priest (D:3)
  An iguana (D:4)
  3 orc wizards
  Natasha (twice) (D:2)
  5 adders
  An ufetubus (D:4)
  2 worms
  4 dart slugs
  6 orcs
  4 ball pythons
  6 bats
  3 endoplasms
  2 giant cockroaches
  6 goblins
  6 hobgoblins
  2 quokkas
  2 frilled lizards
  9 kobolds
  8 rats
73 creatures vanquished.

Vanquished Creatures (others)
  230 foxfires
230 creatures vanquished.

Grand Total: 303 creatures vanquished

Notes
Turn   | Place    | Note
-------+----------+-------------------------------------------
     0 | D:1      | shmup the Tengu Fire Elementalist began the quest for the
                  | Orb.
     0 | D:1      | Reached XP level 1. HP: 10/10 MP: 4/4
   218 | D:1      | Reached XP level 2. HP: 15/15 MP: 4/6
   781 | D:1      | Reached skill level 4 in Fire Magic
  1202 | D:2      | Reached XP level 3. HP: 19/19 MP: 5/7
  1222 | D:2      | Found a sacrificial altar of Ru.
  1677 | D:2      | Noticed Natasha
  1692 | D:2      | Killed Natasha
  1693 | D:2      | Reached XP level 4. HP: 13/24 MP: 3/8
  1756 | D:2      | Reached skill level 5 in Fire Magic
  1774 | D:2      | Noticed Natasha
  1781 | D:2      | Killed Natasha
  1789 | D:2      | Gained mutation: Your magical nature lets you fly swiftly
                  | and evasively. [Tengu growth]
  1789 | D:2      | Reached XP level 5. HP: 28/28 MP: 3/9
  1871 | D:2      | Identified the +0 robe "Tekiucawn" {Rampage rElec Str+3
                  | Int-4}
  2283 | D:3      | Found a faded altar of an unknown god.
  2634 | D:3      | Found a burning altar of Makhleb.
  2696 | D:3      | Found an iron altar of Okawaru.
  2819 | D:3      | Got Joem Usama's Elucidation of the Mountains
  2841 | D:3      | Reached skill level 6 in Fire Magic
  2957 | D:3      | Found a snail-covered altar of Cheibriados.
  2969 | D:3      | Became a worshipper of Cheibriados the Contemplative
  3640 | D:4      | Reached XP level 6. HP: 32/32 MP: 6/10
  4284 | D:5      | Entered Level 5 of the Dungeon
  4373 | D:5      | Noticed Sigmund
  4402 | D:5      | Killed from afar by Sigmund

Illustrated notes

Levels and vault maps discovered:
D:1:      onia_arrival_handbag, layout_loops_corners
D:2:      cheibrodos_old_hovel, layout_basic, basic_altar,
          hangedman_decor_points, uniq_natasha
D:3:      layout_basic, mainiacjoe_overflow_chevrons,
          mainiacjoe_overflow_24_doors, mainiacjoe_overflow_catwalk,
          hellmonk_ecumenical_altar_arch_garden, minmay_misc_feat_more_columns,
          minmay_misc_feat_square, st_stairs_12, kennysheep_orc_chapel
D:4:      layout_loops_ring
D:5:      layout_loops_ring, grunt_temple_overflow_forces_of_nature,
          minmay_temple_entry_large_hall, serial_shops, nicolae_shop_peninsula,
          uniq_sigmund

Skill      XL: |  1  2  3  4  5 |
---------------+----------------+-----
Conjurations   | 2 3 4 |  4.7
Fire Magic     | 4 5 6 |  6.6
Dodging        | |  2.1
Stealth        | |  2.0
Spellcasting   | |  2.0

Action                     |  1- 3 |  4- 6 || total
---------------------------+-------+-------++-------
  Melee: Short sword       |     1 |       ||     1
         Unarmed           |     1 |       ||     1
         Dagger            |     1 |     1 ||     2
   Cast: Foxfire           |    56 |    79 ||   135
    Use: Scroll            |       |     8 ||     8
 Armour: Robe              |     8 |     4 ||    12
  Dodge: Dodged            |    32 |    26 ||    58
